 Dungeon Sprint DCSS version 0.22.1-2-g9c5b331 (webtiles) character file.

1663 diana the Covert (level 8, -12/57 HPs)
             Began as a Demigod Enchanter on Dec 22, 2018.
             Mangled by Erolcha
             ... wielding a +0 giant club
              (17 damage)
             ... in the Dungeon (Sprint III: "The Ten Rune Challenge").
             The game lasted 00:07:44 (1098 turns).

diana the Covert (Demigod Enchanter)                Turns: 1098, Time: 00:07:45

Health: -12/57     AC:  3    Str: 11    XL:     8   Next: 41%
Magic:  5/22       EV: 12    Int: 19    God:
Gold:   28         SH:  0    Dex: 20    Spells: 8/21 levels left

rFire    . . .     SeeInvis +   c - +1 dagger (elec)
rCold    . . .     Gourm    .   (no shield)
rNeg     . . .     Faith    .   b - +0 robe
rPois    .         Spirit   .   (no helmet)
rElec    .         Reflect  .   i - +0 cloak
rCorr    .         Harm     .   (no gloves)
MR       .....     Clarity  +   (no boots) Stlth +++++.....NoTele +
                                (no amulet)
HPRegen  0.19/turn              (no ring)
MPRegen  0.18/turn              (no ring)

@: no status effects
A: see invisible, clarity, high mp 1, MP-powered wands
a: no special abilities


You were in the Dungeon.
You were hungry.

You visited 1 branch You collected 28 gold pieces.

Inventory:

Hand Weapons
 a - a +1 dagger
 c - a +1 dagger of electrocution (weapon)
Armour
 b - a +0 robe (worn)
 i - a +0 cloak (worn)
Scrolls
 l - a scroll of holy word
 m - a scroll of identify
 n - 3 scrolls of remove curse
Potions
 h - 2 potions of magic
 k - 3 potions of mutation
 o - a potion of flight
Miscellaneous
 f - a lightning rod (4/4)
Comestibles
 d - 4 rations


   Skills:
 + Level 8.2 Short Blades
 - Level 1.7 Dodging
 * Level 12.5 Stealth
 - Level 7.2 Spellcasting
 + Level 2.4 Conjurations
 - Level 8.2 Hexes


You had 8 spell levels left.
You knew the following spells:

 Your Spells              Type           Power        Failure   Level  Hunger
a - Corona                Hex            #####..      1%          1    None
b - Confuse               Hex            #####...     1%          3    #......
c - Ensorcelled Hibernat  Hex/Ice        ###...       2%          2    None
d - Dazzling Spray        Conj/Hex       ####..       3%          3    #......
e - Tukima's Dance        Hex            #####...     1%          3    #......
f - Apportation           Tloc           #.....       10%         1    None

Your spell library contained the following spells:

 Spells                   Type           Power        Failure   Level  Hunger
 Confusing Touch          Hex            #####.       1%          1    None
 Slow                     Hex            #####...     1%          2    None
 Magic Dart               Conj           ###.         3%          1    None
 Animate Skeleton         Necr           N/A          10%         1    None
 Summon Small Mammal      Summ           #...         10%         1    None
 Blink                    Tloc           N/A          16%         2    None
 Call Imp                 Summ           #.......     16%         2    None
 Conjure Flame            Conj/Fire      ##......     19%         3    #......
 Mephitic Cloud           Conj/Pois/Air  #.......     22%         3    #......


Dungeon Overview and Level Annotations

Branches:
Dungeon (1/1)

Annotations:
D Erolcha


Innate Abilities, Weirdness & Mutations

You have an increased reservoir of magic. (+10% MP)
You have supernaturally acute eyesight. (SInv)
You possess an exceptional clarity of mind.
You expend magic power (3 MP) to strengthen your wands.


Message History

Aiming: Dazzling Spray (safe; 3% risk of failure)
Press: ? - help, Shift-Dir - straight line, f/p - Erolcha
Aim: Erolcha, wielding a giant club and wearing a robe (lightly wounded)
The spray of energy hits Erolcha.
Erolcha is moderately wounded.
Erolcha hits you with a giant club!
* * * LOW HITPOINT WARNING * * *
Okay, then.
Okay, then.
Things that are here:
a giant club x2
Casting: Dazzling Spray (safe; 3% risk of failure)
Confirm with . or Enter, or press ? or * to list all spells.
Aiming: Dazzling Spray (safe; 3% risk of failure)
Press: ? - help, Shift-Dir - straight line, f/p - Erolcha
Aim: Erolcha, wielding a giant club and wearing a robe (moderately wounded)
The spray of energy hits Erolcha.
Erolcha is moderately wounded.
Erolcha is dazzled.
Erolcha hits you with a giant club!
You die...

#'###'## .......#
.......# ######'#
#__#...#+##############
#__#...#....#)#)#...O.#
#__#...##.#.)#.##O###.#
#__#...'##.#.#.##O#..##
#__'...#...#..#.@##.O+
▓▓▓▓▓▓▓▓▓▓▓▓▓▓▓▓▓▓▓▓▓#


You could see a two-headed ogre and Erolcha (blind).

Vanquished Creatures
  A deep elf mage (D)
  A shadow (D)
  A spatial vortex (D)
  A necrophage (D)
  4 two-headed ogres (D)
  A jelly (D)
  Crazy Yiuf (D)
  A wizard (D)
  Jessica (D)
  A necromancer (D)
  3 humans (D)
  A kobold demonologist (D)
  An ooze (D)
  2 rats (D)
20 creatures vanquished.

Vanquished Creatures (others)
  2 draconian scorchers (D)
  A yaktaur (D)
  6 hellions (D)
9 creatures vanquished.

Grand Total: 29 creatures vanquished

Notes
Turn   | Place    | Note
-------+----------+-------------------------------------------
     0 | D        | diana the Demigod Enchanter began the quest for the Orb.
     0 | D        | Reached XP level 1. HP: 14/14 MP: 5/5
     9 | D        | Reached skill level 1 in Short Blades
     9 | D        | Reached skill level 3 in Stealth
    37 | D        | Noticed Jessica
    41 | D        | Killed Jessica
    41 | D        | Reached skill level 4 in Stealth
    41 | D        | Reached XP level 2. HP: 20/20 MP: 8/8
    46 | D        | Noticed Crazy Yiuf
    49 | D        | Killed Crazy Yiuf
    49 | D        | Reached skill level 5 in Stealth
    49 | D        | Reached XP level 3. HP: 26/26 MP: 10/10
    85 | D        | Gained mutation: You possess an exceptional clarity of
                  | mind. [potion of mutation]
    85 | D        | Gained mutation: You have supernaturally acute eyesight.
                  | (SInv) [potion of mutation]
    85 | D        | Gained mutation: You expend magic power (3 MP) to
                  | strengthen your wands. [potion of mutation]
    85 | D        | Killed a yaktaur
    90 | D        | Noticed a water elemental
    95 | D        | Killed a hellion
    95 | D        | Killed a hellion
    96 | D        | Killed a hellion
   127 | D        | Learned a level 3 spell: Confuse
   132 | D        | Killed a hellion
   135 | D        | Killed a hellion
   150 | D        | Killed a white draconian scorcher
   164 | D        | Killed a hellion
   179 | D        | Killed a white draconian scorcher
   290 | D        | Learned a level 2 spell: Ensorcelled Hibernation
   321 | D        | Found a radiant altar of Vehumet.
   321 | D        | Found a deep blue altar of Sif Muna.
   321 | D        | Found an ancient bone altar of Kikubaaqudgha.
   321 | D        | Noticed a wizard
   323 | D        | Killed a wizard
   323 | D        | Reached skill level 6 in Stealth
   323 | D        | Reached XP level 4. HP: 33/33 MP: 10/12
   539 | D        | Found a glowing silver altar of Zin.
   539 | D        | Found a glowing golden altar of the Shining One.
   539 | D        | Found a white marble altar of Elyvilon.
   540 | D        | Noticed a deep elf mage
   542 | D        | Killed a deep elf mage
   542 | D        | Reached skill level 9 in Stealth
   542 | D        | Reached skill level 5 in Spellcasting
   542 | D        | Reached XP level 5. HP: 38/38 MP: 12/16
   542 | D        | Reached XP level 6. HP: 45/45 MP: 13/18
   581 | D        | Learned a level 3 spell: Dazzling Spray
   585 | D        | Learned a level 3 spell: Tukima's Dance
   587 | D        | Learned a level 1 spell: Apportation
   587 | D        | Found a hide-covered altar of Uskayaw.
   587 | D        | Found a roughly hewn altar of Beogh.
   587 | D        | Found an iron altar of Okawaru.
   587 | D        | Found a bloodstained altar of Trog.
   587 | D        | Found an ornate altar of the Wu Jian Council.
   587 | D        | Noticed a human
   587 | D        | Noticed a human
   600 | D        | Killed a human
   600 | D        | Reached skill level 10 in Stealth
   600 | D        | Reached XP level 7. HP: 18/50 MP: 10/19
   603 | D        | Killed a human
   799 | D        | Found a basalt altar of Yredelemnul.
   799 | D        | Found a shadowy altar of Dithmenos.
   799 | D        | Found a sacrificial altar of Ru.
   802 | D        | Reached skill level 11 in Stealth
   810 | D        | Noticed a shadow
   823 | D        | Killed a shadow
   944 | D        | Found a blossoming altar of Fedhas.
   944 | D        | Found a stormy altar of Qazlal.
   944 | D        | Found a snail-covered altar of Cheibriados.
   944 | D        | Found a burning altar of Makhleb.
   944 | D        | Found a shimmering altar of Xom.
   945 | D        | Found a hazy altar of Hepliaklqana.
   945 | D        | Found an opulent altar of Gozag.
   945 | D        | Found a sparkling altar of Nemelex Xobeh.
   945 | D        | Found a corrupted altar of Lugonu.
   945 | D        | Found a viscous altar of Jiyva.
   946 | D        | Reached XP level 8. HP: 57/57 MP: 22/22
   970 | D        | Reached skill level 12 in Stealth
   970 | D        | Reached skill level 1 in Conjurations
   975 | D        | Noticed a two-headed ogre
   988 | D        | Killed a two-headed ogre
  1081 | D        | Noticed a two-headed ogre
  1081 | D        | Noticed Erolcha
  1098 | D        | Mangled by Erolcha

Skill      XL: |  1  2  3  4  5  6  7  8 |
---------------+-------------------------+-----
Short Blades   | 2 3 6 7 8 |  8.2
Stealth        | 4 5 6 9 10 11 12 | 12.5
Spellcasting   | 2 3 5 6 7 |  7.2
Hexes          | 3 4 6 7 8 |  8.2
Conjurations   | 2 |  2.4
Dodging        | |  1.7

Action                   |  1- 3 |  4- 6 |  7- 9 || total
-------------------------+-------+-------+-------++-------
Melee: Dagger            |    14 |    10 |    17 ||    41
 Cast: Corona            |     2 |       |       ||     2
       Dazzling Spray    |       |     2 |     9 ||    11
       Confuse           |       |       |     4 ||     4
       Ensorcelled Hiber |       |       |     2 ||     2
       Tukima's Dance    |       |       |     1 ||     1
  Use: Potion            |     6 |     1 |     1 ||     8
       Scroll            |     2 |     1 |       ||     3
 Stab: Sleeping          |     4 |     2 |     7 ||    13
       Invisible         |       |       |     3 ||     3
       Confused          |       |       |     1 ||     1
Armor: Robe              |     1 |     3 |       ||     4
Dodge: Dodged            |     7 |     8 |    13 ||    28
